 Dungeon Crawl Stone Soup version 0.30.1-4-g462c640d31 (webtiles) character file.

Game seed: 16494164951551598770

67 ChiefBigBeans the Magician (level 4, 0/28 HPs)
             Began as a Djinni Ice Elementalist on Sept 5, 2023.
             Was an Initiate of Ashenzari.
             Killed from afar by Ijyb (3 damage)
             ... with a puff of flame
             ... on level 3 of the Dungeon.
             The game lasted 00:05:28 (1343 turns).

ChiefBigBeans the Magician (DjIE)                   Turns: 1343, Time: 00:05:28

Health: 0/28       AC:  5    Str:  8 (11) XL:     4   Next: 40%
Gold:   66         EV: 10    Int: 22 (23) God:    Ashenzari [......] SH:  0 Dex: 12 (13)

rFire   + + .        b - +4 war axe
rCold   x . .        (no shield)
rNeg    . . .        d - +0 ring mail
rPois   ∞            (helmet restricted)
rElec   .            (no cloak)
rCorr   .            (no gloves)
SInv    .            (boots unavailable)
Will    .....        (no amulet)
Stlth   +            c - +6 ring of intelligence
HPRegen 0.24/turn    (no ring)
MPRegen 0.00/turn

%: infuse magic (-1 HP)
@: flying
A: sickness immunity, fire resistance 2, cold vulnerability 1, float, innate
caster, HP casting, extra vitality 1, horns 1, frail 1, strong 1
a: Renounce Religion


You were on level 3 of the Dungeon.
You worshipped Ashenzari.
Ashenzari was noncommittal.
You visited 1 branch of the dungeon, and saw 3 of its levels.

You collected 66 gold pieces.

Inventory:

Hand Weapons
 b - a +4 war axe (weapon)
Missiles
 h - 2 throwing nets
Armour
 a - a +0 robe
 d - a +0 ring mail (worn)
 l - a +0 scale mail
Jewellery
 c - a +6 ring of intelligence (left hand)
Scrolls
 e - a scroll of noise {unknown}
 f - a scroll of teleportation
 j - a scroll of magic mapping
 m - 2 scrolls of fear {unknown}
Potions
 g - 3 potions of curing {unknown}
 i - a potion of haste {unknown}
 k - a potion of ambrosia {unknown}


   Skills:
 + Level 1.4 Fighting
 + Level 1.1 Axes
 + Level 1.3 Armour
 + Level 2.8 Dodging
 - Level 1.5 Stealth
 + Level 3.5 Spellcasting


You knew the following spells:

 Your Spells              Type           Power      Damage    Failure   Level
a - Freeze                Ice            76%        1d8       9%          1
b - Frozen Ramparts       Ice            38%        1d6       26%         3
c - Ozocubu's Armour      Ice            19%        N/A       26%         3
d - Summon Ice Beast      Ice/Summ       19%        N/A       63%         4
e - Necrotise             Necr           76%        1d7       9%          1
Your spell library was empty.

Dungeon Overview and Level Annotations

Branches:
Dungeon (3/15)

Altars:
Ashenzari

Annotations:
D:3 Ijyb


Innate Abilities, Weirdness & Mutations

You are immune to sickness and miasma.
You are immune to poison.
Your flesh is very heat resistant. (rF++)
You are vulnerable to cold. (rC-)
You float through the air rather than walking.
You learn spells naturally, not from books.
Your magical power is your life essence.
You have superior vitality. (+4 MHP)
You have a pair of small horns on your head.
You are frail. (-10% HP)
Your muscles are strong. (Str +4, Int/Dex -1)


Message History

You are too injured to fight recklessly!
Unknown command.
You are too injured to fight recklessly!
You barely miss Ijyb.
Ijyb is severely wounded.
Ijyb barely misses you.
You closely miss Ijyb. Your headbutt misses Ijyb.
Ijyb is severely wounded.
You completely miss the rat.
Ijyb screams, "Die!"
Ijyb zaps a wand.
The puff of flame hits you. You resist. The rat bites you.
* * * LOW HITPOINT WARNING * * *
Ijyb screams, "Get away!"
Ijyb zaps a wand.
The puff of flame hits you. You resist.
* * * LOW HITPOINT WARNING * * *
The rat bites you but does no damage.
You hit Ijyb. Your headbutt misses Ijyb.
Ijyb is almost dead.
You barely miss the rat. Ijyb barely misses you.
The rat bites you but does no damage.
You closely miss Ijyb.
Ijyb is almost dead.
You slash the rat!
You kill the rat!
Ijyb hits you but does no damage.
You hit Ijyb but do no damage.
Ijyb is almost dead.
Ijyb zaps a wand.
The puff of flame hits you. You resist.
* * * LOW HITPOINT WARNING * * *
Ijyb screams, "I dance on your bones!"
Ijyb zaps a wand.
The puff of flame misses you.
You hit Ijyb but do no damage. You headbutt Ijyb, but do no damage.
Ijyb is almost dead.
Ijyb hits you with a +0 dagger.
* * * LOW HITPOINT WARNING * * *
Unknown command.
You closely miss Ijyb. You headbutt Ijyb.
Ijyb is almost dead.
Ijyb zaps a wand.
The puff of flame hits you. You resist.
You die...

....####.......####..
..†...†...###.........#
........#..##.........##
........##.##...........
##########.##...(.....#
#.##.........#
#.##.........#
#............#
####...@g..!.#
#.........# #.........#
###########


You could see Ijyb.

Vanquished Creatures
  2 worms (D:2)
  A dart slug (D:3)
  7 endoplasms
  A giant cockroach (D:2)
  3 goblins
  4 hobgoblins
  7 jackals
  4 quokkas
  6 ball pythons
  2 bats (D:1)
  4 frilled lizards
  5 kobolds
  7 rats
53 creatures vanquished.

Notes
Turn   | Place    | Note
-------+----------+-------------------------------------------
     0 | D:1      | ChiefBigBeans the Djinni Ice Elementalist began the quest
                  | for the Orb.
     0 | D:1      | ChiefBigBeans set off with the following spells memorised:
                  | Freeze, Frozen Ramparts, Ozocubu's Armour, Summon Ice
                  | Beast.
     0 | D:1      | Reached XP level 1. HP: 15/15 MP: 0/0
    44 | D:1      | Reached XP level 2. HP: 11/22 MP: 0/0
   173 | D:1      | Found a faded altar of an unknown god.
   220 | D:1      | Reached XP level 3. HP: 23/26 MP: 0/0
   220 | D:1      | Learned a level 1 spell: Necrotise
   368 | D:1      | Reached skill level 1 in Armour
   598 | D:2      | Reached skill level 1 in Fighting
   718 | D:2      | Reached skill level 1 in Axes
   751 | D:2      | Reached XP level 4. HP: 32/32 MP: 0/0
   924 | D:2      | Gained mutation: You have a pair of small horns on your
                  | head. [potion of mutation]
   924 | D:2      | Gained mutation: You are frail. (-10% HP) [potion of
                  | mutation]
   924 | D:2      | Gained mutation: Your muscles are strong. (Str +4, Int/Dex
                  | -1) [potion of mutation]
  1236 | D:3      | Found a broken altar of Ashenzari.
  1247 | D:3      | Became a worshipper of Ashenzari the Shackled
  1323 | D:3      | Noticed Ijyb
  1343 | D:3      | Killed from afar by Ijyb

Illustrated notes

Levels and vault maps discovered:
D:1:      minmay_arrival_semitransparent, layout_rooms,
          shapermc_ecumenical_altar_mp_ritualfount
D:2:      layout_basic, corexii_corridor_pit
D:3:      layout_rooms, nicolae_overflow_ecumenical_swirl,
          cheibrodos_ashenzari_chains, serial_shops, shop, shop, uniq_ijyb

Skill      XL: |  1  2  3 |
---------------+----------+-----
Armour         | 1 |  1.3
Fighting       | 1 |  1.4
Axes           | 1 |  1.1
Dodging        | |  2.8
Stealth        | |  1.5
Spellcasting   | |  3.5

Action                     |  1- 3 |  4- 6 || total
---------------------------+-------+-------++-------
  Melee: War axe           |    56 |    42 ||    98
         Headbutt          |       |     3 ||     3
   Cast: Freeze            |     7 |       ||     7
         Necrotise         |       |     2 ||     2
    Use: Potion            |       |     4 ||     4
         Scroll            |       |     3 ||     3
   Stab: Sleeping          |     3 |     2 ||     5
         Distracted        |     1 |       ||     1
 Armour: Robe              |    11 |       ||    11
         Ring mail         |       |    16 ||    16
  Dodge: Dodged            |    39 |    22 ||    61
